Map: [ESL] Tropical Sacrifice

Players

Strange

  • Race: Protoss Protoss
  • Spawn Location: 7:00

Reynor - Winner!

  • Race: Zerg Zerg
  • Spawn Location: 1:00

Event: DreamHack SC2 Masters 2022 Atlanta (Online)

VOD

Have the link to the VOD?

Description

Time

  • Played on: Oct. 7, 2022, 11:31 a.m.
  • Length: 17:58

All games in this series

Show
View Real Time Build Order
Export as new Build Order

Strange Protoss 

Build Orders: 1 Gate Expand, Archon Immortal, Dark Templar Rush 

Get SALT Encoding   

  12  0:00  Probe  
  13  0:12  Probe  
  14  0:20  Pylon  
  14  0:24  Probe  
  15  0:39  Probe (Chrono Boost), Gateway  
  16  0:47  Probe (Chrono Boost)  
  16  0:48  Assimilator  
  17  0:53  Probe  
  18  1:05  Probe  
  19  1:17  Probe  
  20  1:26  Nexus  
  20  1:37  Cybernetics Core  
  20  1:39  Probe  
  21  1:45  Assimilator  
  21  1:51  Probe  
  22  1:56  Pylon  
  22  2:04  Probe (Chrono Boost)  
  23  2:13  Warp Gate  
  23  2:14  Adept  
  25  2:16  Probe (Chrono Boost)  
  26  2:24  Probe (Chrono Boost)  
  26  2:27  Twilight Council  
  27  2:30  Probe (Chrono Boost)  
  28  2:39  Probe (Chrono Boost)  
  28  2:42  Probe (Chrono Boost)  
  30  2:44  Stalker  
  30  2:47  Probe (Chrono Boost)  
  30  2:50  Probe (Chrono Boost)  
  34  2:54  Probe  
  35  3:00  Probe  
  35  3:05  Dark Shrine  
  36  3:06  Probe  
  37  3:13  Gateway  
  37  3:19  Gateway  
  37  3:22  Probe (Chrono Boost)  
  37  3:23  Probe (Chrono Boost)  
  39  3:27  Adept  
  39  3:32  Assimilator  
  42  3:36  Probe (Chrono Boost)  
  42  3:39  Probe (Chrono Boost), Pylon  
  43  3:41  Probe (Chrono Boost)  
  45  3:49  Probe (Chrono Boost)  
  45  3:51  Probe (Chrono Boost)  
  46  4:00  Probe (Chrono Boost)  
  46  4:01  Probe (Chrono Boost)  
  48  4:06  Pylon  
  48  4:08  Nexus  
  48  4:10  Shadow Stride (Chrono Boost)  
  48  4:23  Dark Templar x3  
  54  4:25  Probe  
  54  4:29  Pylon  
  55  4:32  Shield Battery  
  55  4:37  Probe, Assimilator  
  56  4:42  Pylon  
  56  4:45  Shield Battery  
  54  4:51  Probe x2  
  54  4:54  Pylon  
  53  5:02  Dark Templar x3  
  53  5:05  Shield Battery  
  60  5:07  Probe  
  60  5:08  Forge  
  60  5:09  Probe  
  61  5:19  Probe  
  63  5:21  Charge, Robotics Facility, Probe  
  63  5:31  Probe  
  63  5:32  Gateway  
  63  5:34  Gateway  
  64  5:38  Protoss Ground Weapons Level 1 (Chrono Boost)  
  64  5:45  Robotics Facility  
  62  6:03  Probe  
  61  6:07  Immortal (Chrono Boost)  
  65  6:12  Pylon  
  65  6:22  Stalker x2  
  69  6:35  Gateway  
  69  6:36  Nexus  
  69  6:38  Gateway, Pylon  
  69  6:39  Immortal  
  77  6:47  Immortal  
  77  6:53  Dark Templar  
  78  6:55  Pylon  
  78  6:57  Pylon  
  78  7:11  Nexus  
  78  7:12  Pylon  
  78  7:14  Zealot  
  80  7:18  Sentry, Immortal (Chrono Boost), Stalker  
  80  7:30  Protoss Ground Weapons Level 2 (Chrono Boost)  
  80  7:32  Zealot x2  
  80  7:36  Shield Battery  
  82  7:39  Probe x2  
  82  7:40  Stalker  
  86  7:46  Archon x2  
  86  7:48  Gateway  
  86  7:51  Probe x2  
  86  7:57  Sentry x3, Observer (Chrono Boost)  
  95  7:59  Shield Battery  
  95  8:03  Probe  
  95  8:04  Pylon  
  96  8:09  Warp Prism (Chrono Boost)  
  98  8:19  Probe x2  
  100  8:21  Pylon  
  100  8:24  Probe  
  101  8:31  Probe x2  
  101  8:33  Dark Templar x2  
  107  8:36  Probe  
  107  8:39  Archon  
  108  8:43  Probe x2  
  108  8:45  Dark Templar  
  108  8:46  Dark Templar, Pylon  
  114  8:49  Archon  
  114  8:51  Sentry  
  114  8:52  Stalker x2  
  120  9:00  Zealot  
  122  9:05  Zealot x2  
  122  9:08  Photon Cannon  
  126  9:15  Zealot  
  126  9:16  Zealot x2  
  132  9:30  Dark Templar x2, Stalker  
  132  9:31  Stalker  
  140  9:34  Pylon  
  140  9:35  Archon  
  140  9:36  Pylon  
  136  9:52  Zealot x4  
  120  9:57  Probe x2  
  117  10:00  Assimilator  
  117  10:01  Assimilator  
  117  10:04  Robotics Bay  
  117  10:06  Immortal  
  117  10:07  Immortal  
  125  10:17  Protoss Ground Weapons Level 3 (Chrono Boost)  
  125  10:19  Probe  
  126  10:28  Probe  
  127  10:36  Zealot x4  
  127  10:41  Zealot  
  127  10:42  Zealot  
  136  10:47  Disruptor (Chrono Boost)  
  136  10:48  Zealot x2  
  130  10:53  Disruptor (Chrono Boost)  
  114  10:57  Zealot  
  114  10:58  Zealot  
  114  10:59  Zealot x2  
  116  11:07  Probe x3  
  122  11:27  Sentry x2  
  122  11:28  Disruptor (Chrono Boost), Nexus  
  122  11:30  Pylon  
  126  11:33  Zealot  
  126  11:34  Zealot x2  
  132  11:43  Stalker  
  132  11:46  Disruptor  
  137  11:48  Blink (Chrono Boost)  
  134  11:57  Disruptor  
  137  12:09  Stalker  
  137  12:10  Zealot x4, Stalker x2  
  151  12:16  Pylon  
  151  12:20  Pylon  
  151  12:21  Disruptor (Chrono Boost)  
  154  12:40  Dark Templar x2  
  158  12:44  Nexus  
  158  12:45  Pylon  
  158  12:46  Archon  
  158  12:58  Nexus  
  158  13:00  Zealot x4  
  165  13:13  Dark Templar x4  
  165  13:15  Shield Battery  
  165  13:18  Archon x2  
  173  13:21  Pylon  
  173  13:27  Zealot  
  169  13:38  Dark Templar x3  
  175  13:44  Archon  
  175  13:50  Dark Templar  
  175  13:52  Stalker x3  
  175  13:55  Archon  
  183  14:04  Pylon  
  175  14:14  Zealot x4  
  175  14:15  Zealot x2  
  175  14:39  Stalker x3  
  175  14:40  Observer x2  
  175  14:44  Probe  
  175  14:45  Probe x3  
  175  14:54  Templar Archives  
  175  14:57  Probe x4  
  179  15:00  Protoss Ground Armor Level 1 (Chrono Boost)  
  179  15:03  Assimilator  
  179  15:04  Assimilator  
  167  15:11  Probe x2  
  167  15:12  Probe x2  
  167  15:14  Disruptor x2 (Chrono Boost)  
  173  15:23  Photon Cannon  
  173  15:29  Zealot x3  
  173  15:30  Zealot  
  173  15:32  Psionic Storm  
  165  15:45  Disruptor (Chrono Boost)  
  171  15:50  High Templar x4  
  171  15:51  Disruptor (Chrono Boost)  
  174  16:19  Disruptor x2 (Chrono Boost), Zealot x4  
  185  16:30  Stalker x4  
  189  16:42  Zealot x4  
  176  17:02  Dark Templar x7  
  176  17:08  Archon x3  
  181  17:09  Observer  
  181  17:10  Zealot  
  181  17:12  Observer x2  
  116  17:36  Stalker x3  
  112  17:44  High Templar x2  
Show
View Real Time Build Order
Export as new Build Order

Reynor Zerg - Winner!

Build Orders: Hatch First, Lurkers 

Get SALT Encoding   

  12  0:00  Drone  
  13  0:12  Overlord  
  13  0:17  Drone  
  14  0:30  Drone x2  
  16  0:50  Hatchery  
  16  0:52  Drone  
  16  0:56  Drone  
  17  0:59  Drone  
  18  1:11  Extractor  
  17  1:16  Spawning Pool  
  16  1:19  Drone  
  16  1:22  Drone  
  18  1:28  Drone  
  19  1:39  Drone  
  20  1:49  Overlord  
  20  2:02  Queen, Drone x2  
  20  2:03  Queen  
  26  2:11  Zergling x2  
  26  2:12  Drone  
  28  2:21  Drone  
  29  2:23  Drone  
  30  2:33  Metabolic Boost  
  30  2:34  Hatchery  
  30  2:37  Drone  
  30  2:39  Drone  
  31  2:44  Drone  
  31  2:46  Overlord  
  32  2:54  Drone  
  32  2:55  Drone  
  32  2:56  Queen  
  36  3:06  Drone x2  
  36  3:11  Drone x2  
  36  3:12  Drone  
  41  3:16  Overlord  
  41  3:18  Queen  
  41  3:19  Drone  
  44  3:31  Overlord  
  44  3:34  Queen  
  44  3:36  Drone  
  44  3:38  Drone  
  48  3:41  Drone  
  48  3:44  Drone  
  48  3:45  Roach Warren  
  48  3:46  Zergling x6  
  52  3:50  Zergling x2  
  52  3:51  Queen  
  52  3:52  Zergling x2  
  56  3:56  Zergling x2  
  56  4:00  Overlord  
  57  4:03  Zergling x2  
  57  4:04  Overlord  
  57  4:07  Zergling x4  
  59  4:17  Spine Crawler  
  59  4:20  Spore Crawler  
  59  4:23  Drone  
  59  4:24  Spore Crawler x2, Drone  
  59  4:28  Drone x3  
  61  4:32  Overlord  
  61  4:42  Roach x4  
  61  4:43  Drone x3  
  61  4:44  Queen  
  61  4:45  Drone  
  73  4:52  Roach x2  
  77  4:53  Drone x2  
  77  4:54  Drone  
  77  4:56  Overlord  
  77  4:58  Drone  
  81  5:00  Drone  
  81  5:02  Drone x2  
  81  5:05  Overlord  
  84  5:16  Drone x2  
  84  5:17  Drone  
  84  5:19  Extractor  
  84  5:21  Roach x3  
  94  5:22  Extractor  
  94  5:27  Queen  
  95  5:30  Lair, Drone x3  
  95  5:32  Overlord  
  95  5:35  Drone x2  
  100  5:37  Spore Crawler  
  101  5:42  Zergling x4  
  101  5:43  Zergling x4  
  101  5:49  Overlord  
  101  5:51  Overlord  
  101  5:58  Zergling x10  
  101  6:03  Overlord  
  101  6:10  Drone x5  
  101  6:13  Spore Crawler  
  101  6:17  Spore Crawler  
  99  6:21  Zergling x4  
  95  6:29  Overseer  
  93  6:45  Extractor  
  93  6:46  Extractor  
  90  6:49  Hatchery  
  90  6:52  Evolution Chamber  
  90  6:53  Roach Warren  
  87  6:56  Drone x8  
  87  6:58  Drone  
  87  7:01  Overseer, Drone  
  97  7:05  Overlord  
  96  7:16  Drone x2  
  96  7:17  Drone  
  96  7:18  Overlord  
  99  7:29  Spine Crawler  
  96  7:30  Overlord  
  96  7:34  Roach x5  
  105  7:41  Glial Reconstitution, Roach x3  
  111  7:44  Roach x2  
  111  7:46  Ravager x2  
  111  7:47  Ravager  
  111  7:48  Roach  
  120  7:52  Roach x2  
  120  7:55  Roach  
  126  7:59  Roach  
  126  8:05  Roach x2  
  132  8:08  Drone  
  132  8:09  Drone, Zerg Missile Weapons Level 1  
  136  8:12  Drone x2  
  136  8:13  Drone x2  
  136  8:14  Extractor  
  136  8:16  Drone  
  136  8:18  Overlord  
  138  8:23  Roach x3  
  144  8:28  Roach  
  144  8:32  Roach  
  148  8:38  Roach x2  
  148  8:40  Ravager x2  
  148  8:41  Ravager  
  155  8:42  Overlord  
  155  8:43  Overseer, Hatchery  
  155  8:48  Ravager  
  155  8:49  Ravager  
  155  8:53  Overlord, Spine Crawler  
  155  8:56  Overlord  
  155  8:59  Ravager x2  
  157  9:07  Roach x5  
  157  9:09  Spine Crawler  
  166  9:14  Roach x4  
  174  9:21  Roach x5  
  184  9:28  Overlord  
  184  9:32  Ravager x2  
  184  9:35  Overlord  
  186  9:41  Overlord  
  184  9:51  Roach x10  
  187  9:56  Roach x3  
  187  9:59  Roach  
  177  10:03  Roach x2  
  177  10:06  Zerg Missile Weapons Level 2  
  180  10:18  Infestation Pit  
  179  10:22  Roach x3  
  179  10:23  Roach  
  179  10:25  Hatchery  
  186  10:33  Roach x3  
  186  10:34  Roach x2  
  191  10:49  Roach  
  198  10:50  Roach x7  
  198  10:54  Roach x3  
  175  11:01  Hive  
  175  11:02  Overseer  
  164  11:08  Drone x8  
  170  11:17  Drone x4  
  174  11:18  Drone x2  
  174  11:19  Hydralisk Den  
  174  11:20  Drone, Ravager  
  177  11:34  Ravager x3  
  177  11:38  Zergling x2  
  177  11:39  Zergling x18  
  190  11:41  Overlord  
  190  11:43  Zergling x2  
  191  11:55  Drone  
  191  11:56  Lurker Den  
  191  11:59  Drone x2  
  191  12:00  Drone x4  
  197  12:02  Extractor  
  197  12:03  Extractor  
  197  12:06  Overlord  
  195  12:14  Roach x2  
  198  12:16  Spore Crawler  
  198  12:17  Spine Crawler  
  193  12:30  Viper x2  
  199  12:44  Spore Crawler, Spine Crawler, Viper  
  200  12:51  Spine Crawler  
  200  12:52  Spine Crawler  
  200  12:58  Seismic Spines  
  193  13:12  Hydralisk x6  
  187  13:14  Drone x2  
  195  13:24  Zerg Missile Weapons Level 3  
  195  13:25  Hatchery  
  194  13:37  Lurker x3  
  194  13:38  Lurker x3  
  198  13:45  Hydralisk x2  
  198  13:55  Adaptive Talons, Evolution Chamber  
  195  13:56  Overseer x2  
  195  13:57  Pneumatized Carapace  
  195  14:09  Hydralisk x4  
  177  14:13  Lurker x2  
  177  14:16  Zergling x30  
  194  14:23  Overlord  
  192  14:40  Hydralisk x3  
  192  14:41  Zergling x2  
  192  14:43  Overlord  
  195  14:46  Lurker x3  
  186  15:13  Hydralisk x3  
  186  15:14  Hydralisk x2  
  189  15:16  Zerg Ground Armor Level 1  
  195  15:34  Spore Crawler  
  195  15:35  Spore Crawler  
  193  15:39  Overseer  
  188  15:46  Lurker x4  
  188  15:47  Lurker x3  
  188  15:48  Zergling x10  
  200  15:56  Hatchery  
  198  16:02  Zerg Melee Weapons Level 1  
  197  16:23  Evolution Chamber  
  197  16:25  Evolution Chamber  
  195  16:26  Zergling x4  
  195  16:27  Zergling x4, Extractor  
  194  16:43  Hydralisk x2  
  194  16:44  Hydralisk x2  
  195  16:52  Hydralisk x2  
  192  17:18  Hydralisk x9  
  178  17:26  Hydralisk x3  
  178  17:27  Hydralisk x2  
  178  17:28  Zergling x42  
Tags
 
Add a new tag
Caveats
  • Supply blocks, unpowered buildings, or Contaminate may cause inaccurate times.
  • Supply counts are checked every 10 seconds.